Description

Maru's new 2/1/1 build against zerg

VOD

https://www.youtube.com/watch?v=BUdlCwytWaw

Replay - Maru's NEW 2/1/1 Builds - Terran School #33

Build Order

Get SALT Encoding   

  12  0:00  SCV  
  13  0:12  SCV  
  14  0:17  Supply Depot  
  14  0:24  SCV  
  15  0:38  SCV  
  15  0:39  Barracks  
  16  0:43  Refinery  
  16  0:50  SCV  
  17  1:02  SCV  
  18  1:15  SCV  
  19  1:27  Orbital Command, Reaper  
  20  1:39  Command Center  
  20  1:49  Supply Depot  
  20  1:52  SCV  
  21  1:59  Reaper  
  22  2:05  SCV  
  22  2:08  Barracks  
  23  2:17  SCV  
  25  2:33  Barracks Reactor  
  25  2:42  Factory, Refinery  
  26  2:52  Orbital Command  
  26  2:58  Barracks Tech Lab  
  28  3:10  Command Center  
  28  3:15  Marine  
  31  3:20  Marine x2  
  31  3:26  Stimpack  
  35  3:36  Marine x3  
  38  3:47  Starport  
  38  3:48  Factory Reactor  
  40  3:55  Marine x3  
  41  3:57  Supply Depot  
  46  4:18  Marine  
  51  4:31  Medivac x2  
  56  4:38  Refinery x2  
  56  4:40  Engineering Bay x2  
  56  4:42  Supply Depot  
  58  4:46  Orbital Command  
  63  5:01  Factory Reactor  
  64  5:08  Terran Infantry Weapons Level 1  
  67  5:15  Orbital Command  
  67  5:16  Barracks  
  69  5:21  Starport Reactor  
  71  5:29  Combat Shield  
  71  5:33  Terran Infantry Armor Level 1  
  71  5:35  Supply Depot  
  71  5:38  Widow Mine  
  77  5:49  Widow Mine  
  85  6:08  Barracks x2  
  89  6:15  Widow Mine x2  
  96  6:20  Medivac x2  
  100  6:44  Widow Mine  
  104  6:50  Medivac  
  109  6:57  Barracks Reactor x2  
  112  7:02  Armory  
  120  7:22  Widow Mine x2  
  115  7:44  Widow Mine  
  125  7:49  Command Center  
  125  7:50  Widow Mine  
  125  7:51  Terran Infantry Weapons Level 2  
  129  7:53  Terran Infantry Armor Level 2  
  132  8:00  Medivac  
  133  8:13  Refinery, Widow Mine  
  133  8:14  Factory  
  139  8:27  Sensor Tower  
  139  8:30  Medivac x2  
  118  9:00  Medivac  
  128  9:26  Medivac  
  143  9:46  Factory Tech Lab  
  143  9:48  Planetary Fortress  
Spawning Tool Build Advisor. Get it on Overwolf

Go to:

Details

  • Created by: meijieru
  • Published on: Aug 17, 2021
  • Modified on: Aug 17, 2021
  • Patch: 4.11.0
  • Difficulty: Medium
Show
View Real Time Build Order
Export as new Build Order

Comments (0)

There are no comments. Be the first!

Create an account to comment!